 Dungeon Crawl Stone Soup version 0.30.1-3-gfc49f6343a (webtiles) character file.

Game seed: 8270208457389961544

109 Peloso the Covered (level 4, 0/40 HPs)
             Began as a Minotaur Fighter on July 23, 2023.
             Slain by an orc priest
             ... wielding a +3 falchion
              (6 damage)
             ... on level 2 of the Dungeon.
             The game lasted 00:03:21 (1624 turns).

Peloso the Covered (Minotaur Fighter)               Turns: 1624, Time: 00:03:22

Health: 0/40       AC:  7    Str: 20      XL:     4   Next: 60%
Magic:  3/3        EV:  9    Int:  5      God:
Gold:   77         SH:  4    Dex:  9 (12) Spells: 3/3 levels left

rFire   . . .        a - +0 long sword
rCold   . . .        c - +0 buckler
rNeg    . . .        b - +0 scale mail
rPois   .            (helmet restricted)
rElec   .            (no cloak)
rCorr   .            (no gloves)
SInv    .            (no boots)
Will    .....        (no amulet) Stlth
                     (no ring)
HPRegen 0.26/turn    (no ring)
MPRegen 0.08/turn

%: no passive effects
@: about to teleport
A: horns 2, retaliatory headbutt
a: no special abilities


You were on level 2 of the Dungeon.
You visited 1 branch of the dungeon, and saw 2 of its levels.

You collected 77 gold pieces.

Inventory:

Hand Weapons
 a - a +0 long sword (weapon)
Armour
 b - a +0 scale mail (worn)
 c - a +0 buckler (worn)
Jewellery
 e - a ring of flight
 i - a ring of protection from cold
 j - a ring of wizardry
Scrolls
 f - a scroll of noise
 g - 2 scrolls of identify
Potions
 d - a potion of might


   Skills:
 + Level 4.2 Fighting
 + Level 4.0 Long Blades
 + Level 4.6 Armour
 + Level 0.9 Dodging
 + Level 4.1 Shields


You had 3 spell levels left.
You didn't know any spells.
Your spell library contained the following spells:

 Spells                   Type           Power      Damage    Failure   Level
 Sandblast                Erth           0%         2d4       87%         1
 Passwall                 Tmut/Erth      0%         N/A       95%         2
 Poisonous Vapours        Pois/Air       0%         N/A       95%         2
 Mephitic Cloud           Conj/Pois/Air  0%         N/A       99%         3
 Stone Arrow              Conj/Erth      0%         3d7       99%         3
 Freezing Cloud           Conj/Ice/Air   0%         6-21      100%        5


Dungeon Overview and Level Annotations

Branches:
Dungeon (2/15)

Altars:


Innate Abilities, Weirdness & Mutations

You have a pair of horns on your head.
You reflexively headbutt those who attack you in melee.


Message History

The ball python barely misses you.
Something tries to affect you, but you resist.
The ball python barely misses you. You furiously retaliate!
You headbutt the ball python!
You kill the ball python!
The orc priest casts a cantrip, but nothing happens.
You see here a scroll labelled LIS EZUDDIREPH.
The orc hits you with a +0 hand axe.
You hit the orc.
The orc is lightly wounded.
You block the orc's attack.
You slash the orc!
You kill the orc!
The orc priest barely misses you. You furiously retaliate!
You headbutt the orc priest.
The orc priest invokes the aid of Beogh against you.
Beogh smites you!
You closely miss the orc priest. Your headbutt misses the orc priest.
The orc priest is moderately wounded.
The orc priest closely misses you.
The orc priest hits you from afar with a +0 trident.
You hit the orc priest.
The orc priest is severely wounded.
The orc priest hits you but does no damage.
The orc priest calls upon Beogh to heal the orc priest.
The orc priest is healed somewhat.
You barely miss the orc priest.
The orc priest is moderately wounded.
The orc priest hits you from afar with a +0 trident.
The orc priest calls down the wrath of Beogh upon you.
Pain shoots through your body!
* * * LOW HITPOINT WARNING * * *
Okay, then.
As you read the scroll of teleportation, it crumbles to dust.
You feel strangely unstable. The orc priest barely misses you.
You block the orc priest's attack.
You barely miss the orc priest. Your headbutt misses the orc priest.
The orc priest is moderately wounded.
The orc priest hits you with a +3 falchion.
You die...

≈≈§# ..§#
#...... ..≈#
#.r....# ..≈#
##......# ..≈#
).......# ..≈#
#...{...# ..≈#
#.......# ..§#
#.$.....########
..§#
#.....){oo@??.#
..≈#
#####..r#######
.§§# #...#$##
..≈# #.###..##
≈≈≈# #.# ##..#
#### ###..# ##.#
######...# #.##
........# #..#
#######.#####
##.#


You could see 2 orc priests and a rat.

Vanquished Creatures
  An orc priest (D:2)
  An adder (D:2)
  A worm (D:2)
  2 dart slugs
  4 orcs (D:2)
  10 ball pythons
  4 bats
  2 endoplasms (D:1)
  A giant cockroach (D:2)
  4 goblins
  8 hobgoblins
  A jackal (D:2)
  3 quokkas
  3 frilled lizards
  7 kobolds
  5 rats
57 creatures vanquished.

Notes
Turn   | Place    | Note
-------+----------+-------------------------------------------
     0 | D:1      | Peloso the Minotaur Fighter began the quest for the Orb.
     0 | D:1      | Reached XP level 1. HP: 19/19 MP: 0/0
   124 | D:1      | Reached XP level 2. HP: 26/27 MP: 1/1
   643 | D:1      | Reached XP level 3. HP: 33/33 MP: 2/2
  1067 | D:1      | HP: 1/33 [hobgoblin (4)]
  1400 | D:2      | Reached XP level 4. HP: 29/40 MP: 3/3
  1624 | D:2      | Slain by an orc priest

Illustrated notes

Levels and vault maps discovered:
D:1:      dpeg_arrival_central, layout_basic, minmay_shallow_snake_nest
D:2:      layout_rooms, basic_altar, kennysheep_generic_room_16

Skill      XL: |  1  2  3  4 |
---------------+-------------+-----
Shields        | 4 |  4.1
Armour         | 4 |  4.6
Long Blades    | 3 4 |  4.0
Fighting       | 4 |  4.2
Dodging        | |  0.9

Action                     |  1- 3 |  4- 6 || total
---------------------------+-------+-------++-------
  Melee: Long sword        |   129 |    21 ||   150
         Headbutt          |    22 |     2 ||    24
    Use: Potion            |     4 |       ||     4
         Scroll            |     2 |     1 ||     3
 Armour: Scale mail        |    79 |     4 ||    83
  Dodge: Dodged            |    68 |    11 ||    79
  Block: Buckler           |    30 |     5 ||    35
